[Event "Masterklassen-Elit 2025"]
[Site "Uppsala, Sweden"]
[Date "2025.06.28"]
[Round "1.1"]
[White "Strom-Engdahl, Alexander"]
[Black "Landgren, Andreas"]
[Result "0-1"]
[TimeControl "90 min for 40 move + 30 min with an increment of 30 sec starting move 1"]
[WhiteTitle "FM"]
[BlackTitle "FM"]
[WhiteFideId "1741586"]
[BlackFideId "1704311"]
[WhiteElo "2320"]
[BlackElo "2261"]

1. e4 c5 2. Nf3 d6 3. d4 cxd4 4. Nxd4 Nf6 5. Nc3 a6 6. h3 e5 7. Nf3 Be7 8. g4 h6 9. Rg1 b5 10.
g5 hxg5 11. Nxg5 Bb7 12. Be3 Qc7 13. Qd2 Nbd7 14. O-O-O Rc8 15. Kb1 b4 16. Nd5 Nxd5 17. exd5 Nb6 18. Qd3 Rh4 19. Bg2 Nc4 20.
Bc1 Rd4 21. Qe2 Na3+ 22. bxa3 bxa3 23. Rd3 a5 24. Bxa3 Rxd3 25. Qxd3 Bxg5 26. Be4 Rb8 27. Bb2 Bh6 28. Qb5+ Ke7 29.
Rg3 Bc8 30. Qe2 a4 31. c4 Ba6 32. Rc3 g6 33. Bd3 Bg7 34. c5 Bxd3+ 35. Rxd3 Qxc5 36. Ka1 Kf8 37. Qd2 Rxb2 38. Kxb2 e4+ 39. Rc3 Bxc3+ 40. Qxc3 Qxf2+ 41. Kc1 Qc5 0-1

[Event "Masterklassen-Elit 2025"]
[Site "Uppsala, Sweden"]
[Date "2025.06.28"]
[Round "1.2"]
[White "Andersson, Tommy"]
[Black "Ostlund, Joar"]
[Result "0-1"]
[TimeControl "90 min for 40 move + 30 min with an increment of 30 sec starting move 1"]
[WhiteTitle "IM"]
[BlackTitle "FM"]
[WhiteFideId "1703803"]
[BlackFideId "1735020"]
[WhiteElo "2348"]
[BlackElo "2322"]

1. d4 Nf6 2. c4 e6 3. Nf3 b6 4. a3 Bb7 5. Nc3 d5 6. cxd5 Nxd5 7. e3 Be7 8. Bd3 c5 9. O-O cxd4 10. exd4 O-O 11. Qe2 Nd7 12. Ne4 Qc7 13.
Neg5 h6 14. Nh3 Bd6 15. Re1 Nf4 16.
Bxf4 Bxf4 17. Ne5 Bxe5 18. dxe5 Rfd8 19. Nf4 Qxe5 20. Qxe5 Nxe5 21. Rxe5 Rd4 22. Nxe6 Rxd3 23. Nf4 Rd2 24.
Re7 Bc6 25. Rc7 Bb5 26. b4 a5 27. bxa5 Rxa5 28. h4 Rd4 29. g3 g5 30. hxg5 hxg5 31. Ng2 Be2 32. Rc3 Rd3 33. Rxd3 Bxd3 34.
Ne3 f5 35. f3 Kf7 36. Kf2 Ke6 37. Re1 Kf6 38. f4 g4 39. Rd1 Rxa3 40. Nd5+ Ke6 41. Nxb6 Be4 42. Nd7 Rf3+ 43. Ke2 Rc3 44.
Rd4 Ke7 45. Ne5 Rxg3 46. Kf2 Rg2+ 47. Ke3 Ke6 48. Rd8 Ra2 49. Re8+ Kd5 50. Rd8+ Kc5 51. Rc8+ Kd6 52. Rg8 Ra3+ 53. Kd4 Ra4+ 54. Ke3 Bf3 55.
Nf7+ Kd5 56. Nh6 Ra3+ 57. Kf2 Be4 58. Nxg4 fxg4 59. Rxg4 Kd4 60. f5 Ra2+ 61. Kg3 Ke5 62. f6 Rg2+ 63. Kh4 Rf2 64. Kg5 Rf5 65. Kg6 Rxf6+ 66. Kg7 Ra6 67. Rg3 Ra7+ 68.
Kf8 Kf6 69. Ke8 Bf5 70. Kd8 Rd7+ 71. Ke8 Rc7 0-1

[Event "Masterklassen-Elit 2025"]
[Site "Uppsala, Sweden"]
[Date "2025.06.28"]
[Round "1.3"]
[White "Ljung, Harald"]
[Black "Carlsson, Ludvig"]
[Result "1-0"]
[TimeControl "90 min for 40 move + 30 min with an increment of 30 sec starting move 1"]
[BlackTitle "IM"]
[WhiteFideId "1738178"]
[BlackFideId "1727010"]
[WhiteElo "2194"]
[BlackElo "2379"]

1. d4 Nf6 2. Nf3 e6 3. e3 c5 4. Be2 b6 5. O-O Bb7 6. b3 cxd4 7. exd4 Be7 8. c4 d5 9. Nc3 O-O 10.
Bb2 Nc6 11. Rc1 Rc8 12. Qd2 dxc4 13. bxc4 Na5 14. Ne5 Nd7 15. Nxd7 Qxd7 16. Nd1 Qd6 17. Ne3 Bg5 18. Bd3 Rfd8 19.
Qe2 Qf4 20. d5 Re8 21. g3 Qd6 22. Qh5 h6 23. f4 Be7 24. Qg4 Bf8 25. f5 exd5 26. Bxg7 Bxg7 27. f6 Qxf6 28. Rxf6 Rxe3 29.
Rxf7 Kxf7 30. Qg6+ Ke7 31. Qxg7+ Kd6 32. Qxh6+ Re6 33. Qf4+ Ke7 34. Bf5 Rxc4 35. Qg5+ Kd6 36. Qd8+ Ke5 37.
Re1+ Kxf5 38. Qf8+ Rf6 39. Rf1+ Ke4 40. Qxf6 Rc5 41. Rf4+ Kd3 42. Qd4+ 1-0

[Event "Masterklassen-Elit 2025"]
[Site "Uppsala, Sweden"]
[Date "2025.06.28"]
[Round "1.4"]
[White "Thorn, Eric"]
[Black "Wiedenkeller, Michael"]
[Result "0-1"]
[TimeControl "90 min for 40 move + 30 min with an increment of 30 sec starting move 1"]
[WhiteTitle "FM"]
[BlackTitle "IM"]
[WhiteFideId "1710729"]
[BlackFideId "1700146"]
[WhiteElo "2357"]
[BlackElo "2384"]

1. d4 Nf6 2. c4 e6 3. Nc3 Bb4 4. Qc2 O-O 5. e4 d6 6. e5 dxe5 7. dxe5 Ng4 8. Nf3 Nc6 9. Bf4 f5 10.
Rd1 Qe8 11. h3 Nh6 12. a3 Be7 13. Be2 Nf7 14. g4 g6 15. gxf5 gxf5 16. Qd2 Kh8 17. h4 a6 18. Qe3 Rg8 19.
Ng5 Qf8 20. Bf3 Nfd8 21. Bxc6 bxc6 22. Qf3 Qe8 23. Kd2 Bb7 24. Kc2 Rb8 25. Rhg1 c5 26. Qe3 Bc6 27. Kc1 Qh5 28. Nh3 Nf7 29.
Ng5 Nd8 30. Nh3 Nf7 31. Bg5 Nxg5 32. Nxg5 Rg6 33. f4 Rbg8 34. Rg3 h6 35. Rdg1 Bxg5 36. hxg5 R6g7 37. Rh3 Qg6 38. Qxc5 Ba8 39.
Rgg3 h5 40. Rd3 Rh7 41. Rh4 Qe8 42. Qf2 Kg7 43. Rh2 Kg6 44. Qd2 Qc6 45. Rd4 Rgg7 46. Qd1 Bb7 47. Kc2 h4 48. b3 Rd7 49.
Rxd7 Rxd7 50. Qe1 Rh7 51. Rxh4 Qg2+ 52. Kc1 Rd7 53. Rh6+ Kg7 54. Rxe6 Be4 55. Qe2 Qg3 56. Nd5 Qxb3 0-1

[Event "Masterklassen-Elit 2025"]
[Site "Uppsala, Sweden"]
[Date "2025.06.28"]
[Round "1.5"]
[White "Olsson, William"]
[Black "Lindberg, Bengt"]
[Result "1/2-1/2"]
[TimeControl "90 min for 40 move + 30 min with an increment of 30 sec starting move 1"]
[WhiteTitle "IM"]
[BlackTitle "IM"]
[WhiteFideId "1741721"]
[BlackFideId "1700359"]
[WhiteElo "2365"]
[BlackElo "2334"]

1. c4 e6 2. Nf3 Nf6 3. g3 d5 4. Bg2 Be7 5. O-O O-O 6. d4 Ne4 7. Qc2 f5 8. Bf4 c6 9. b3 Bd7 10.
Ne5 Be8 11. Rd1 Nd7 12. Nd2 Nxe5 13. Bxe5 Nd6 14. Bxd6 Bxd6 15. c5 Bc7 16. f4 g5 17. e3 b5 18. b4 a5 19. a4 bxa4 20.
Qxa4 Bd7 21. bxa5 Bxa5 22. Qc2 g4 23. Nb3 Bc7 24. Bf1 Qe7 25. Ra2 Rfb8 26. Rda1 Qd8 27. Nc1 Rxa2 28. Qxa2 Rb7 29.
Nd3 Qb8 30. Qa8 Kf7 31. Kf2 Ke7 32. Qa2 Rb3 33. Be2 Be8 34. Qc2 Rb7 35. Qa4 h5 36. Qa6 Rb3 37. Qa2 Rb7 38. Qa3 Rb3 39.
Qc1 Rb7 40. Bd1 Ra7 41. Ra4 Rxa4 42. Bxa4 Qa8 43. Qa3 Bd7 44. Qb4 Qa6 45. Qb3 Qa8 46. Qb4 Qa6 47. Bc2 Qa8 48. Qa4 Qb7 49.
Nb4 Bd8 50. Bd3 Bc7 51. Ke2 Bd8 52. Kd2 Ke8 53. Kc3 h4 54. Kb3 h3 55. Bf1 Qc7 56. Ba6 Qb8 57. Be2 Qb7 58. Bf1 Ke7 59.
Bd3 Ke8 60. Ka3 Ke7 61. Be2 Ke8 62. Ba6 Qc7 63. Kb3 Qb8 64. Kc2 Qc7 65. Be2 Qa5 66. Kb3 Qc7 67. Ba6 Qb8 68. Ka2 Qc7 69.
Ka3 Ke7 70. Be2 Ke8 71. Bd1 Qa5 72. Kb3 Qc7 73. Nd3 Qa5 74. Nb4 Qc7 75. Kc2 Qb7 76. Kd3 Bc7 77. Kc2 Bd8 78. Be2 Qc7 79.
Bd1 Qa5 80. Kd3 Qxa4 81. Bxa4 Ba5 82. Kc3 1/2-1/2

[Event "Masterklassen-Elit 2025"]
[Site "Uppsala, Sweden"]
[Date "2025.06.29"]
[Round "2.1"]
[White "Landgren, Andreas"]
[Black "Andersson, Tommy"]
[Result "0-1"]
[TimeControl "90 min for 40 move + 30 min with an increment of 30 sec starting move 1"]
[WhiteTitle "FM"]
[BlackTitle "IM"]
[WhiteFideId "1704311"]
[BlackFideId "1703803"]
[WhiteElo "2261"]
[BlackElo "2348"]

1. d4 d5 2. c4 dxc4 3. e3 Nf6 4. Bxc4 g6 5. Nf3 Bg7 6. O-O O-O 7. Nc3 a6 8. a4 c5 9. d5 Bg4 10.
h3 Bxf3 11. Qxf3 Nbd7 12. Qe2 Ne8 13. e4 Nd6 14. Ba2 b5 15. axb5 axb5 16. Nxb5 Qb6 17. Nc3 Rfb8 18. Re1 c4 19.
Qc2 Ne5 20. Re2 Nd3 21. Nd1 Nb4 22. Qb1 Qd4 23. Nc3 Nb5 24. Bf4 Nxc3 25. bxc3 Qxc3 26. e5 Nd3 27. Qd1 Nxf4 28. Re4 Nd3 29.
Rxc4 Qxe5 0-1

[Event "Masterklassen-Elit 2025"]
[Site "Uppsala, Sweden"]
[Date "2025.06.29"]
[Round "2.2"]
[White "Carlsson, Ludvig"]
[Black "Strom-Engdahl, Alexander"]
[Result "1-0"]
[TimeControl "90 min for 40 move + 30 min with an increment of 30 sec starting move 1"]
[WhiteTitle "IM"]
[BlackTitle "FM"]
[WhiteFideId "1727010"]
[BlackFideId "1741586"]
[WhiteElo "2379"]
[BlackElo "2320"]

1. Nf3 d5 2. d4 Nf6 3. c4 c6 4. e3 Bf5 5. Bd3 Bxd3 6. Qxd3 e6 7. O-O Be7 8. Nbd2 Nbd7 9. b3 O-O 10.
Bb2 a5 11. a4 Re8 12. Rac1 Qc7 13. Rfd1 Rad8 14. Qc2 Nb8 15. h3 Na6 16. Qb1 Nb4 17. Re1 h6 18. Rcd1 dxc4 19. Nxc4 b5 20.
Nce5 Qb6 21. Rc1 Rc8 22. g4 Nfd5 23. h4 Bf8 24. g5 h5 25. axb5 Qxb5 26. Rc4 g6 27. Nxf7 Kxf7 28. Ne5+ Ke7 29.
Qxg6 Kd8 30. e4 Kc7 31. exd5 Qxd5 32. Rec1 Bd6 33. Nxc6 Nxc6 34. Rxc6+ Qxc6 35. Rxc6+ Kxc6 36. Qxh5 Kd7 37.
d5 exd5 38. g6 Rg8 39. g7 Kc6 40. Qg6 d4 41. h5 Kd5 42. Bxd4 Kxd4 43. Qxd6+ Kc3 44. h6 Kxb3 45. Qe6+ Kb4 46.
Qxc8 Rxc8 47. h7 1-0

[Event "Masterklassen-Elit 2025"]
[Site "Uppsala, Sweden"]
[Date "2025.06.29"]
[Round "2.3"]
[White "Ostlund, Joar"]
[Black "Thorn, Eric"]
[Result "1-0"]
[TimeControl "90 min for 40 move + 30 min with an increment of 30 sec starting move 1"]
[WhiteTitle "FM"]
[BlackTitle "FM"]
[WhiteFideId "1735020"]
[BlackFideId "1710729"]
[WhiteElo "2322"]
[BlackElo "2357"]

1. d4 Nf6 2. c4 e6 3. Nf3 d5 4. Nc3 Nbd7 5. Bg5 Be7 6. cxd5 exd5 7. e3 c6 8. Bd3 h6 9. Bf4 Nb6 10.
h3 Bd6 11. Bxd6 Qxd6 12. O-O Be6 13. Ne5 Nfd7 14. f4 Nxe5 15. fxe5 Qe7 16. a4 Nd7 17. a5 O-O 18. Bc2 Qg5 19.
Rf3 f6 20. Qd3 f5 21. Ne2 c5 22. Nf4 Rae8 23. Raf1 c4 24. Qa3 Bf7 25. Qd6 Qe7 26. Qxe7 Rxe7 27. Bxf5 g5 28. Ne2 Rd8 29.
Bxd7 Rdxd7 30. Rf6 Kg7 31. Nc3 Bg6 32. Nb5 Rd8 33. g4 Bd3 34. R1f2 h5 35. Nd6 hxg4 36. hxg4 Rc7 37. Nf5+ Kg8 38.
Rg6+ Kh8 39. Rxg5 b5 40. axb6 axb6 41. Rh2+ Rh7 42. Rxh7+ Kxh7 43. Rg7+ Kh8 44. Rf7 Rg8 45. e6 Bxf5 46.
Rxf5 Rxg4+ 47. Kf2 Re4 48. Rxd5 Rxe6 49. Rb5 Kg7 50. Rb4 Rc6 51. d5 Rd6 52. e4 Kf6 53. Rxc4 Ke5 54. Rc6 Rd8 55.
Ke3 1-0

[Event "Masterklassen-Elit 2025"]
[Site "Uppsala, Sweden"]
[Date "2025.06.29"]
[Round "2.4"]
[White "Olsson, William"]
[Black "Ljung, Harald"]
[Result "1-0"]
[TimeControl "90 min for 40 move + 30 min with an increment of 30 sec starting move 1"]
[WhiteTitle "IM"]
[WhiteFideId "1741721"]
[BlackFideId "1738178"]
[WhiteElo "2365"]
[BlackElo "2194"]

1. c4 e6 2. g3 Nf6 3. Bg2 d5 4. Nf3 Be7 5. O-O O-O 6. d4 c6 7. Qc2 b6 8. Nbd2 Bb7 9. e4 Nxe4 10.
Nxe4 dxe4 11. Qxe4 Nd7 12. Rd1 Nf6 13. Qe2 Qc8 14. a3 Re8 15. b4 a5 16. Bd2 Nd7 17. Bc3 Bf6 18. Qb2 Ra7 19.
Nd2 Qc7 20. f4 h6 21. Ne4 Be7 22. Nf2 Rea8 23. Ng4 h5 24. Ne3 Nf6 25. f5 axb4 26. axb4 Rxa1 27. Rxa1 Rxa1+ 28. Qxa1 exf5 29.
Nxf5 Bc8 30. Nxe7+ Qxe7 31. Qe1 Qd7 32. d5 cxd5 33. Bxf6 gxf6 34. cxd5 Bb7 35. Qd2 Kf8 36. Qh6+ Ke8 37.
Qh8+ Ke7 38. Qxh5 Qc7 39. Qe2+ Kd7 40. Qd2 Qc4 41. h4 Qb3 42. Kf2 Kd6 43. Qf4+ 1-0

[Event "Masterklassen-Elit 2025"]
[Site "Uppsala, Sweden"]
[Date "2025.06.29"]
[Round "2.5"]
[White "Lindberg, Bengt"]
[Black "Wiedenkeller, Michael"]
[Result "1/2-1/2"]
[TimeControl "90 min for 40 move + 30 min with an increment of 30 sec starting move 1"]
[WhiteTitle "IM"]
[BlackTitle "IM"]
[WhiteFideId "1700359"]
[BlackFideId "1700146"]
[WhiteElo "2334"]
[BlackElo "2384"]

1. e4 e5 2. Nf3 Nc6 3. Bb5 Nf6 4. Nc3 Nd4 5. O-O Nxb5 6. Nxb5 c6 7. Nc3 d6 8. d4 Qc7 9. h3 Be7 10. a4 O-O 11. Re1 Re8 12.
Be3 h6 13. Re2 Bf8 14. d5 Bd7 15. Rd2 g6 16. Nh2 cxd5 1/2-1/2

[Event "Masterklassen-Elit 2025"]
[Site "Uppsala, Sweden"]
[Date "2025.06.30"]
[Round "3.1"]
[White "Andersson, Tommy"]
[Black "Carlsson, Ludvig"]
[Result "1-0"]
[TimeControl "90 min for 40 move + 30 min with an increment of 30 sec starting move 1"]
[WhiteTitle "IM"]
[BlackTitle "IM"]
[WhiteFideId "1703803"]
[BlackFideId "1727010"]
[WhiteElo "2348"]
[BlackElo "2379"]

1. d4 Nf6 2. c4 e6 3. Nf3 c5 4. e3 cxd4 5. exd4 d5 6. Nc3 Be7 7. Bd3 dxc4 8. Bxc4 a6 9. a4 O-O 10.
O-O Nc6 11. Bg5 h6 12. Bh4 b6 13. Qd3 Bb7 14. Rfd1 Nh5 15. Bg3 Nb4 16. Qe2 Nxg3 17. hxg3 Rc8 18. Ne5 Rc7 19. Bb3 Qa8 20.
f3 Qd8 21. Kh2 Kh8 22. Rd2 a5 23. Re1 Nd5 24. Rc2 Nxc3 25. bxc3 Kg8 26. Rb1 Qc8 27. Ba2 Bb4 28.
Nc4 Be7 29. Nxb6 Qd8 30. Qe3 Bc6 31. c4 Bd6 32. f4 Rb7 33. c5 Bc7 34. Rcb2 Qe8 35. d5 exd5 36. Qxe8 Rxe8 37. Bxd5 Bxd5 38.
Nxd5 Rxb2 39. Rxb2 Bb8 40. c6 Bd6 41. c7 Rc8 42. Rb6 1-0

[Event "Masterklassen-Elit 2025"]
[Site "Uppsala, Sweden"]
[Date "2025.06.30"]
[Round "3.2"]
[White "Thorn, Eric"]
[Black "Landgren, Andreas"]
[Result "0-1"]
[TimeControl "90 min for 40 move + 30 min with an increment of 30 sec starting move 1"]
[WhiteTitle "FM"]
[BlackTitle "FM"]
[WhiteFideId "1710729"]
[BlackFideId "1704311"]
[WhiteElo "2357"]
[BlackElo "2261"]

1. Nf3 Nf6 2. g3 c5 3. Bg2 Nc6 4. O-O e5 5. e4 d6 6. d3 g6 7. c3 Bg7 8. a3 O-O 9. b4 a6 10.
Nbd2 Re8 11. Rb1 cxb4 12. axb4 d5 13. Qc2 Qc7 14. c4 dxe4 15. dxe4 a5 16. b5 Nb4 17. Qa4 Bf8 18. Bb2 Nd7 19.
Qa1 b6 20. Rbd1 f6 21. Ne1 Bb7 22. f4 Bg7 23. Nb1 Rad8 24. Nc3 Qxc4 25. Rf2 Nc5 26. Bf1 Qe6 27. Nd5 Nxe4 28. Nc7 Qe7 29. Nxe8 Rxe8 30. fxe5 fxe5 31. Qc1 Nxf2 32. Kxf2 Qf6+ 33.
Kg1 Bf8 34. Bg2 Bc5+ 35. Kh1 Qf1# 0-1

[Event "Masterklassen-Elit 2025"]
[Site "Uppsala, Sweden"]
[Date "2025.06.30"]
[Round "3.3"]
[White "Strom-Engdahl, Alexander"]
[Black "Olsson, William"]
[Result "1/2-1/2"]
[TimeControl "90 min for 40 move + 30 min with an increment of 30 sec starting move 1"]
[WhiteTitle "FM"]
[BlackTitle "IM"]
[WhiteFideId "1741586"]
[BlackFideId "1741721"]
[WhiteElo "2320"]
[BlackElo "2365"]

1. e4 e5 2. Nf3 Nc6 3. Bc4 Bc5 4. O-O Nf6 5. d3 d6 6. c3 O-O 7. Re1 a5 8. Nbd2 Ba7 9. Nf1 Be6 10.
Bb5 Ne7 11. Ng3 c6 12. Ba4 b5 13. Bc2 a4 14. d4 Ng6 15. h3 h6 16. Be3 Qc7 17. Qc1 Rfe8 18. Bd3 Bb6 19. Qc2 Ra5 20.
a3 Raa8 21. Rac1 Bd7 22. c4 exd4 23. Nxd4 Ba5 24. Red1 b4 25. Ndf5 b3 26. Qe2 Bxf5 27. exf5 Ne5 28. Bb1 Rad8 29.
Nh5 Ned7 30. Nxf6+ Nxf6 31. Qf3 Bb6 32. Bf4 Bc5 33. g4 Rd7 34. Kg2 Rde7 35. Rd2 Ne4 36. Bxe4 Rxe4 37. Rcd1 Rxc4 38.
Bxd6 Bxd6 39. Rxd6 Rc2 40. f6 Ree2 41. fxg7 Rxf2+ 42. Qxf2 Rxf2+ 43. Kxf2 Kxg7 44. Kg2 c5 45. R6d3 Qc6+ 46.
Rf3 c4 47. Rc1 f6 48. Rcc3 Kg6 49. Kg3 Qe4 50. Rf2 Qe5+ 51. Kg2 Qe4+ 52. Kg3 Kf7 53. Rcf3 Qe5+ 54. Kg2 Qe4 55. Kg3 Qd4 56.
Kg2 Qd6 57. Kg1 Kg6 58. Kg2 Qe5 59. Kg1 Kg7 60. Kg2 Kg6 1/2-1/2

[Event "Masterklassen-Elit 2025"]
[Site "Uppsala, Sweden"]
[Date "2025.06.30"]
[Round "3.4"]
[White "Wiedenkeller, Michael"]
[Black "Ostlund, Joar"]
[Result "1/2-1/2"]
[TimeControl "90 min for 40 move + 30 min with an increment of 30 sec starting move 1"]
[WhiteTitle "IM"]
[BlackTitle "FM"]
[WhiteFideId "1700146"]
[BlackFideId "1735020"]
[WhiteElo "2384"]
[BlackElo "2322"]

1. c4 e6 2. g3 d5 3. Nf3 dxc4 4. Bg2 Nd7 5. Qc2 a6 6. Na3 Bxa3 7. bxa3 Ngf6 8. Bb2 O-O 9. a4 Rb8 10.
Qxc4 b5 11. axb5 axb5 12. Qc2 Bb7 13. O-O c5 14. Rfc1 Qe7 15. Ne5 Bxg2 16. Kxg2 Rfc8 17. a4 b4 18. Qb3 Nxe5 19. Bxe5 Ra8 20.
Qc4 Qd7 21. Bxf6 gxf6 22. Qg4+ Kf8 23. Qf4 Qd5+ 24. f3 Qe5 25. Qxe5 fxe5 26. Rc4 Ke7 27. f4 Kd6 28. fxe5+ Kxe5 29.
d4+ Kd5 30. Rac1 b3 31. dxc5 b2 32. e4+ Kc6 33. Rb1 Rcb8 34. Kf3 Rb3+ 35. Ke2 Rd8 36. Rc2 Rd4 37. Rbxb2 Rxe4+ 38. Kf2 Rxb2 39. Rxb2 Rxa4 40. Rb6+ Kxc5 41.
Rb7 Ra2+ 42. Kf3 Rxh2 43. Rxf7 Kd4 44. Rd7+ Ke5 45. Ra7 Kf6 46. Rb7 Rh5 47. Ra7 Rf5+ 48. Ke4 h6 49. Rh7 Rh5 50.
Rh8 Rh1 51. Kf3 Kg7 52. Re8 Rf1+ 53. Ke4 Kf7 54. Rh8 Rh1 55. Kf3 Kg7 56. Re8 Kf6 57. Rh8 Kg5 58. Rg8+ Kf5 59. Rf8+ Ke5 60.
Rh8 Rf1+ 61. Ke3 Rf6 62. Ra8 Kf5 63. Ra4 e5 64. Rh4 Re6 65. Kf3 Kg5 66. Rg4+ Kf6 67. Rh4 Kg6 68. Rg4+ Kf5 69.
Rh4 Rg6 70. Rh5+ Ke6 71. Ke4 Kf6 72. Rf5+ Kg7 73. Rxe5 Rxg3 74. Re8 1/2-1/2

[Event "Masterklassen-Elit 2025"]
[Site "Uppsala, Sweden"]
[Date "2025.06.30"]
[Round "3.5"]
[White "Ljung, Harald"]
[Black "Lindberg, Bengt"]
[Result "0-1"]
[TimeControl "90 min for 40 move + 30 min with an increment of 30 sec starting move 1"]
[BlackTitle "IM"]
[WhiteFideId "1738178"]
[BlackFideId "1700359"]
[WhiteElo "2194"]
[BlackElo "2334"]

1. d4 Nf6 2. Nf3 e6 3. g3 d5 4. Bg2 Be7 5. O-O O-O 6. b3 a5 7. c4 a4 8. Nc3 axb3 9. Qxb3 Nc6 10.
cxd5 exd5 11. Bg5 Na5 12. Qc2 c6 13. Rfd1 Be6 14. a4 Nc4 15. Ne5 Nxe5 16. dxe5 Ng4 17. Bxe7 Qxe7 18. e4 dxe4 19.
Bxe4 g6 20. Qb2 Nxe5 21. Rab1 Rab8 22. Bg2 Bf5 23. Ra1 Rfd8 24. Rxd8+ Rxd8 25. a5 Nc4 26. Qa2 Qc5 27. a6 bxa6 28.
Qxa6 Rd2 29. Rf1 Ne5 30. Qa8+ Kg7 31. Qa1 Qd4 32. Qa5 Nc4 33. Qa1 Bd3 34. Ne4 Bxf1 0-1

[Event "Masterklassen-Elit 2025"]
[Site "Uppsala, Sweden"]
[Date "2025.07.01"]
[Round "4.1"]
[White "Carlsson, Ludvig"]
[Black "Thorn, Eric"]
[Result "1-0"]
[TimeControl "90 min for 40 move + 30 min with an increment of 30 sec starting move 1"]
[WhiteTitle "IM"]
[BlackTitle "FM"]
[WhiteFideId "1727010"]
[BlackFideId "1710729"]
[WhiteElo "2379"]
[BlackElo "2357"]

1. e4 e5 2. Nf3 Nc6 3. Bc4 Nf6 4.
Ng5 d5 5. exd5 Na5 6. Bb5+ c6 7. dxc6 bxc6 8. Bd3 Nd5 9. Nf3 Bd6 10. O-O O-O 11. Re1 Re8 12. Nc3 f5 13. Bf1 Nf6 14.
d3 Rb8 15. b3 c5 16. g3 Rb7 17. Bg2 Rd7 18. Nh4 e4 19. Nxf5 Be5 20. Nxe4 Bxa1 21. Bg5 Bd4 22. Nxd4 Rxe4 23.
Rxe4 Rxd4 24. Re5 Nb7 25. Qe1 Kf8 26. Be3 Rd7 27. Qc3 Rc7 28. Bxc5+ Kg8 29. Qc4+ Kh8 30. b4 Nd7 31. Rd5 Qe8 32.
Qf4 Rc6 33. Bd4 Nf6 34. Re5 Re6 35. h3 Nd8 36. c4 Nc6 37. Rxe6 Qxe6 38. Bc3 Ne7 39. g4 h6 40. a4 a6 41.
b5 Ng6 42. Qe3 Qxe3 43. fxe3 Nd7 44. Bd4 Nge5 45. Be4 Nf7 46. c5 Ng5 47. Bd5 axb5 48. axb5 Nf6 49. Bxf6 gxf6 50. b6 Nxh3+ 51. Kg2 1-0

[Event "Masterklassen-Elit 2025"]
[Site "Uppsala, Sweden"]
[Date "2025.07.01"]
[Round "4.2"]
[White "Olsson, William"]
[Black "Andersson, Tommy"]
[Result "1/2-1/2"]
[TimeControl "90 min for 40 move + 30 min with an increment of 30 sec starting move 1"]
[WhiteTitle "IM"]
[BlackTitle "IM"]
[WhiteFideId "1741721"]
[BlackFideId "1703803"]
[WhiteElo "2365"]
[BlackElo "2348"]

1. d4 Nf6 2. c4 e6 3. g3 Bb4+ 4. Bd2 c5 5. Bxb4 cxb4 6. Bg2 O-O 7. e3 d5 8. Nd2 b6 9. cxd5 Nxd5 10.
e4 Ne7 11. e5 Nbc6 12. Ne2 Ba6 13. Nb3 Rc8 14. O-O Bxe2 15. Qxe2 Nxd4 16. Nxd4 Qxd4 17. Rfd1 Qc5 18. Bb7 Rc7 19.
Be4 g6 20. Bg2 Nf5 21. Rd2 Qa5 22. Bh3 Ne7 23. Bg2 Rc5 24. f4 Rfc8 25. h4 b3 26. a3 Rc1+ 27. Rxc1 Rxc1+ 28. Kh2 Qc5 29. Be4 Kg7 30. Qd3 Nd5 31. Qxb3 Qg1+ 32. Kh3 Ne3 33.
Qd3 Nf1 34. Re2 Rd1 35. Qf3 h5 36. Qf2 Qxf2 37. Rxf2 Ne3 38. Re2 Ng4 39. Bf3 Nh6 40. Kg2 Nf5 41. Be4 Nd4 42. Rf2 Re1 43. Bd3 Re3 44. Rd2 Nb3 45.
Rd1 Nc5 46. Bc4 Ne4 47. Rd3 Re1 48.
Rd4 Re3 49. Rd3 Re1 50. b4 Rc1 51. Bb3 Rb1 52. Ba4 Rc1 53. Kf3 Nc3 54. Bb3 a5 55. Ke3 axb4 56. axb4 1/2-1/2

[Event "Masterklassen-Elit 2025"]
[Site "Uppsala, Sweden"]
[Date "2025.07.01"]
[Round "4.3"]
[White "Landgren, Andreas"]
[Black "Wiedenkeller, Michael"]
[Result "0-1"]
[TimeControl "90 min for 40 move + 30 min with an increment of 30 sec starting move 1"]
[WhiteTitle "FM"]
[BlackTitle "IM"]
[WhiteFideId "1704311"]
[BlackFideId "1700146"]
[WhiteElo "2261"]
[BlackElo "2384"]

1. e4 e5 2. Nf3 Nc6 3. Bb5 a6 4. Ba4 Nf6 5. O-O Bc5 6. c3 b5 7. Bb3 d6 8. d4 Bb6 9. Be3 O-O 10.
Nbd2 h6 11. h3 Re8 12. Re1 Bb7 13. d5 Ne7 14. Bxb6 cxb6 15. a4 bxa4 16. Bxa4 Rf8 17. b4 Ng6 18. c4 Rc8 19. Rc1 Nf4 20.
Re3 Qe7 21. Rec3 Rc7 22. Qe1 Rfc8 23. Qe3 Bxd5 24. g3 Nxh3+ 25. Kg2 Be6 26. Qxb6 Rb7 27. Qa5 Nh7 28. c5 dxc5 29. Rxc5 Rxc5 30.
bxc5 Rc7 31. c6 N7g5 32. Nxg5 Nxg5 33. Qxe5 Bh3+ 0-1

[Event "Masterklassen-Elit 2025"]
[Site "Uppsala, Sweden"]
[Date "2025.07.01"]
[Round "4.4"]
[White "Ljung, Harald"]
[Black "Strom-Engdahl, Alexander"]
[Result "0-1"]
[TimeControl "90 min for 40 move + 30 min with an increment of 30 sec starting move 1"]
[BlackTitle "FM"]
[WhiteFideId "1738178"]
[BlackFideId "1741586"]
[WhiteElo "2194"]
[BlackElo "2320"]

1. d4 d5 2. Nf3 Nf6 3. e3 Bf5 4. Be2 e6 5. O-O h6 6. c4 c6 7. Nc3 Be7 8. b3 O-O 9. Bb2 Nbd7 10.
h3 Re8 11. Rc1 Ne4 12. Ne1 Bd6 13. Bd3 Ndf6 14. Qc2 Nxc3 15. Bxc3 Ne4 16. g4 Bg6 17. Ng2 Qf6 18. f4 Ng3 19. Rf3 Bxd3 20. Qxd3 Ne4 21. Rcf1 Rf8 22. Be1 Qe7 23. Bh4 f6 24. f5 Rad8 25. Be1 Ng5 26. Nh4 Nxf3+ 27. Rxf3 Rfe8 28. fxe6 Qxe6 29. Nf5 Qe4 30. Qxe4 Rxe4 31.
Bg3 Bxg3 32. Nxg3 Ree8 33. Kf2 c5 34. Nf5 cxd4 35. exd4 dxc4 36. bxc4 g6 37. Ne3 Rxd4 38. h4 Rd2+ 39.
Kg3 Rd3 40. Kf2 Ra3 0-1

[Event "Masterklassen-Elit 2025"]
[Site "Uppsala, Sweden"]
[Date "2025.07.01"]
[Round "4.5"]
[White "Lindberg, Bengt"]
[Black "Ostlund, Joar"]
[Result "0-1"]
[TimeControl "90 min for 40 move + 30 min with an increment of 30 sec starting move 1"]
[WhiteTitle "IM"]
[BlackTitle "FM"]
[WhiteFideId "1700359"]
[BlackFideId "1735020"]
[WhiteElo "2334"]
[BlackElo "2322"]

1. e4 c5 2. Nf3 Nc6 3. Bb5 g6 4. O-O Bg7 5. c3 Nf6 6. Re1 O-O 7. h3 a6 8. Bf1 e5 9. d3 d5 10. Nbd2 Re8 11. a3 h6 12. b4 cxb4 13. axb4 Be6 14. Bb2 Qc7 15. Qb1 Rad8 16. exd5 Nxd5 17. Ne4 f5 18. Nc5 Bc8 19. Qa2 Kh8 20. Qb3 g5 21. b5 axb5 22.
Qxb5 Bf6 23. c4 Nf4 24. g3 Ng6 25.
Ra8 h5 26. d4 e4 27. d5 Nce5 28. Nxe5 Nxe5 29. Bg2 Bg7 30. Ne6 Bxe6 31. Rxd8 Qxd8 32. dxe6 Rxe6 33. Qxb7 Rb6 34. Qxg7+ Kxg7 35. Bxe5+ Kg6 36. c5 Re6 37. Bd6 Qa5 38. Rb1 Qd2 39. Bf1 e3 40. fxe3 Qxe3+ 41. Kh2 Qf2+ 42. Bg2 Re2 43. Rg1 f4 44. gxf4 gxf4 45. Kh1 Re1 46. Rxe1 Qxe1+ 47. Kh2 Qf2 0-1